 Dungeon Crawl Stone Soup version 0.30.1-11-g7821555f0a (webtiles) character file.

Game seed: 8647469826404981275

143 fireball365 the Chopper (level 5, -2/46 HPs)
             Began as a Hill Orc Fighter on Oct 28, 2023.
             Killed by divine providence
             ... invoked by an orc priest
              (12 damage)
             ... on level 3 of the Dungeon.
             The game lasted 00:04:40 (2255 turns).

fireball365 the Chopper (Hill Orc Fighter)          Turns: 2255, Time: 00:04:40

Health: -2/46      AC: 13    Str: 21    XL:     5   Next: 25%
Magic:  5/5        EV:  6    Int:  8    God:
Gold:   84         SH:  4    Dex: 10    Spells: 4/4 levels left

rFire   . . .        a - +0 war axe
rCold   . . .        c - +0 buckler
rNeg    . . .        i - +0 plate armour
rPois   .            q - +0 helmet
rElec   .            (no cloak)
rCorr   .            (no gloves)
SInv    .            (no boots)
Will    .....        (no amulet) Stlth
                     (no ring)
HPRegen 0.27/turn    (no ring)
MPRegen 0.09/turn

%: no passive effects
@: no status effects
A: no striking features
a: Convert to Beogh


You were on level 3 of the Dungeon.
You visited 1 branch of the dungeon, and saw 4 of its levels.

You collected 84 gold pieces.

Inventory:

Hand Weapons
 a - a +0 war axe (weapon)
Armour
 c - a +0 buckler (worn)
 i - a +0 plate armour (worn)
 q - a +0 helmet (worn)
Scrolls
 b - a scroll of brand weapon {unknown}
 g - a scroll of amnesia
 j - a scroll of blinking {unknown}
 k - a scroll of torment
 m - a scroll of noise {unknown}
 p - a scroll of vulnerability
 r - a scroll of fear {unknown}
 s - a scroll of identify
Potions
 d - 2 potions of might
 e - 3 potions of mutation {unknown}
 f - a potion of cancellation
 h - a potion of heal wounds {unknown}
 l - a potion of degeneration {unknown}
 n - a potion of curing {unknown}
 o - a potion of lignification {unknown}


   Skills:
 + Level 4.2 Fighting
 + Level 4.9 Axes
 + Level 4.4 Armour
 + Level 0.2 Dodging
 + Level 3.8 Shields


You had 4 spell levels left.
You didn't know any spells.
Your spell library contained the following spells:

 Spells                   Type           Power      Damage    Failure   Level
 Gell's Gravitas          Tloc           0%         N/A       100%        3
 Hailstorm                Conj/Ice       0%         3d3       100%        3
 Teleport Other           Tloc           0%         N/A       100%        3
 Ice Form                 Ice/Tmut       0%         N/A       100%        4
 Dispersal                Tloc           0%         N/A       100%        6
 Simulacrum               Ice/Necr       0%         N/A       100%        6


Dungeon Overview and Level Annotations

Branches:
Dungeon (4/15)
 Temple: D:4-7

Altars:
Beogh

Annotations:
D:4 Sigmund


Message History

You miss something. Something hits you but does no damage.
You miss something.
You hear some strange, mumbled words.
A puff of flame appears from out of thin air!
The puff of flame hits you but does no damage.
The orc priest calls down the wrath of Beogh upon you.
Something writhes in agony.
You hear some strange, mumbled words.
A puff of flame appears from out of thin air!
The puff of flame hits you!
You closely miss something.
You hear some strange, mumbled words.
A magic dart appears from out of thin air!
The magic dart hits you!
You closely miss something. Something hits you.
You miss something.
Something hits you but does no damage. x2
You miss something.
The orc priest shouts, "Surrender to Beogh and we'll let you live!"
You block something's attack.
You closely miss something. Something hits you but does no damage.
The orc priest calls down the wrath of Beogh upon you.
Beogh smites you!
* * * LOW HITPOINT WARNING * * *
You miss something.
Something hits you but does no damage. x2
You closely miss something. You block something's attack.
The orc priest mumbles some strange prayers to Beogh against you.
You miss something.
You hear some strange, mumbled words.
A magic dart appears from out of thin air!
The magic dart hits you but does no damage.
You miss something. Something hits you but does no damage.
You hit something.
The orc priest calls down the wrath of Beogh upon you.
You hear some strange, mumbled words.
Something tries to affect you, but you resist.
Something hits you but does no damage.
You barely miss something. Something hits you but does no damage.
The orc priest invokes the aid of Beogh against you.
Beogh smites you!
You die...

# ########## ###
.........# ...##
########.#########.8.8$#
# #............@{o.$._#
#.###.#####..##o8$8$#
####.# #.#####.####.$$##
.[...###..........# ###
###.......<..#.####
..(.......##.#.#
###..####.##.#.# # #..#
#.##.#.# #.... ..##....


You could see an orc priest and an orc.

Vanquished Creatures
  A scorpion (D:2)
  2 adders
  An ufetubus (D:3)
  3 dart slugs
  5 endoplasms
  4 giant cockroaches
  3 goblins
  6 hobgoblins
  3 jackals (D:1)
  3 quokkas
  7 ball pythons
  6 bats
  4 frilled lizards
  3 kobolds
  8 rats
59 creatures vanquished.

Notes
Turn   | Place    | Note
-------+----------+-------------------------------------------
     0 | D:1      | fireball365 the Hill Orc Fighter began the quest for the
                  | Orb.
     0 | D:1      | Reached XP level 1. HP: 19/19 MP: 1/1
    51 | D:1      | Reached XP level 2. HP: 9/27 MP: 2/2
   447 | D:1      | Reached XP level 3. HP: 31/33 MP: 3/3
  1305 | D:2      | Reached XP level 4. HP: 40/40 MP: 4/4
  1618 | D:2      | Noticed a scorpion
  1625 | D:2      | Killed a scorpion
  1626 | D:2      | Reached XP level 5. HP: 35/46 MP: 5/5
  1740 | D:2      | Identified the +0 dagger of Otudgh {protect, rC+ rN+ Dex-5}
  2123 | D:2      | You fall into a shaft and drop 2 floors!
  2129 | D:4      | Noticed Sigmund
  2230 | D:3      | Found a roughly hewn altar of Beogh.
  2255 | D:3      | Killed from afar by an orc priest

Illustrated notes

Levels and vault maps discovered:
D:1:      reono_arrival_mine, layout_basic, minmay_tripent
D:2:      layout_loops_corners
D:3:      layout_loops_ring, kennysheep_orc_chapel, uniq_terence
D:4:      layout_cave_pods, minmay_misc_feat_plants, uniq_grinder, uniq_sigmund

Skill      XL: |  1  2  3  4 |
---------------+-------------+-----
Axes           | 3 4 |  4.9
Fighting       | 4 |  4.2
Armour         | 4 |  4.4
Dodging        | |  0.2
Shields        | |  3.8

Action                     |  1- 3 |  4- 6 || total
---------------------------+-------+-------++-------
  Melee: War axe           |    91 |    66 ||   157
    Use: Scroll            |     2 |     2 ||     4
 Armour: Scale mail        |    33 |       ||    33
         Plate armour      |    88 |    55 ||   143
  Dodge: Dodged            |    48 |    19 ||    67
  Block: Buckler           |    36 |    15 ||    51
